 Dungeon Crawl Stone Soup version 0.28-a0-595-g9f6c0e134a (webtiles) character file.

Game seed: 16646701405196097440

268 iamoutofideas the Cleaver (level 6, 0/56 HPs)
             Began as a Hill Orc Gladiator on Oct 4, 2021.
             Succumbed to a gnoll's poison
             ... on level 4 of the Dungeon.
             The game lasted 00:04:13 (3637 turns).

iamoutofideas the Cleaver (Hill Orc Gladiator)      Turns: 3637, Time: 00:04:14

Health: 0/56       AC:  7    Str: 19    XL:     6   Next: 21%
Magic:  6/6        EV: 11    Int:  8    God:
Gold:   96         SH:  5    Dex: 12    Spells: 5/5 levels left

rFire   . . .      SeeInvis .   a - +0 war axe
rCold   . . .      Faith    .   (no shield)
rNeg    . . .      Spirit   .   i - +0 ring mail
rPois   .          Reflect  +   c - +0 helmet
rElec   .          Harm     .   (no cloak)
rCorr   .          Rampage  .   (no gloves)
Will    .....                   g - +0 pair of boots
Stlth   +.........              e - amulet of reflection
HPRegen 0.18/turn               (no ring)
MPRegen 0.10/turn               (no ring)

@: mighty, lethally poisoned (0 -> -13), hasted, very quick
A: robust 1
a: no special abilities


You were on level 4 of the Dungeon.
You visited 1 branch of the dungeon, and saw 4 of its levels.

You collected 96 gold pieces.

Inventory:

Hand Weapons
 a - a +0 war axe (weapon)
Missiles
 d - 5 throwing nets (quivered)
Armour
 b - a +0 leather armour
 c - a +0 helmet (worn)
 g - a +0 pair of boots (worn)
 i - a +0 ring mail (worn)
 j - a +0 chain mail
Jewellery
 e - an amulet of reflection (around neck)
 n - a ring of protection from cold
 p - a ring of resist corrosion
Wands
 k - a wand of digging (4)
Scrolls
 h - a scroll of amnesia {unknown}
 o - a scroll of fear
 q - 2 scrolls of silence
 s - a scroll of fog {unknown}
 t - a scroll of enchant armour


   Skills:
 + Level 3.3 Fighting
 * Level 8.1 Axes
 - Level 1.7 Throwing
 - Level 0.8 Armour
 - Level 2.7 Dodging


You had 5 spell levels left.
You didn't know any spells.
Your spell library contained the following spells:

 Spells                   Type           Power      Damage    Failure   Level
 Blink                    Tloc           N/A        N/A       75%         2
 Lesser Beckoning         Tloc           0%         N/A       92%         3
 Manifold Assault         Tloc           0%         N/A       100%        5


Dungeon Overview and Level Annotations

Branches:
Dungeon (4/15)
 Temple: D:4-7

Altars:
Kikubaaqudgha
Zin

Shops:
D:1 !


Innate Abilities, Weirdness & Mutations

You are robust. (+10% HP)


Message History

A gnoll comes into view. It is wielding a +2 halberd of venom.
The gnoll shouts!
A gnoll comes into view. It is wielding a +0 club.
The gnoll hits you with a +2 halberd of venom.
You are poisoned.
You hit the gnoll.
The gnoll is moderately wounded.
You feel sick.
The gnoll hits you with a +2 halberd of venom!
You closely miss the gnoll.
The gnoll is moderately wounded.
You feel sick.
A gnoll comes into view. It is wielding a +0 club.
The gnoll hits you with a +2 halberd of venom.
You are more poisoned.
You hit the gnoll.
The gnoll is heavily wounded.
You feel very sick. The gnoll hits you but does no damage.
You are more poisoned.
You hit the gnoll.
The gnoll is heavily wounded.
You feel very sick.
The gnoll hits you with a +2 halberd of venom!
* * * LOW HITPOINT WARNING * * *
You are more poisoned.
It was a potion of mutation.
You feel extremely strange.
You feel robust.
* * * LOW HITPOINT WARNING * * *
You feel very sick. The gnoll misses you.
It was a potion of haste.
You feel yourself speed up.
* * * LOW HITPOINT WARNING * * *
You feel very sick. The gnoll barely misses you.
It was a potion of might.
You feel very mighty all of a sudden.
* * * LOW HITPOINT WARNING * * *
You feel sick. The gnoll barely misses you.
You die...

..#..........#...
..................
.................
....#..........#
..#.#.....##..##
.........##....###.?
..........)(<.......
.......g...)).......
.......@............
..........g.........
..................##
......###..........#
....## #...........
.... #...........
... ........g... ##
.....


You could see 2 gnolls.

Vanquished Creatures
  A water moccasin skeleton (D:3)
  Jessica (D:2)
  10 gnolls
  An adder (D:3)
  A worm (D:2)
  14 orcs
  7 endoplasms
  2 giant cockroaches
  4 goblins
  4 hobgoblins (D:1)
  2 jackals (D:2)
  3 quokkas
  2 ball pythons
  7 bats
  8 frilled lizards (D:1)
  4 kobolds
  6 rats
77 creatures vanquished.

Vanquished Creatures (others)
  A human (D:3)
1 creature vanquished.

Grand Total: 78 creatures vanquished

Notes
Turn   | Place    | Note
-------+----------+-------------------------------------------
     0 | D:1      | iamoutofideas the Hill Orc Gladiator began the quest for
                  | the Orb.
     0 | D:1      | Reached XP level 1. HP: 18/18 MP: 1/1
    92 | D:1      | Found Iblas's Distillery.
   194 | D:1      | Reached XP level 2. HP: 24/25 MP: 2/2
   822 | D:1      | Reached XP level 3. HP: 30/30 MP: 3/3
  1053 | D:1      | Reached skill level 5 in Axes
  1604 | D:1      | Reached XP level 4. HP: 27/37 MP: 4/4
  1979 | D:2      | Reached skill level 6 in Axes
  2140 | D:2      | Noticed Jessica
  2144 | D:2      | Killed Jessica
  2281 | D:2      | Found a glowing silver altar of Zin.
  2327 | D:3      | Reached skill level 7 in Axes
  2327 | D:3      | Reached XP level 5. HP: 24/45 MP: 5/5
  2674 | D:3      | Found a faded altar of an unknown god.
  3038 | D:3      | Reached XP level 6. HP: 36/51 MP: 6/6
  3142 | D:3      | Found a glowing silver altar of Zin.
  3297 | D:3      | Found an ancient bone altar of Kikubaaqudgha.
  3297 | D:3      | Noticed a human
  3301 | D:3      | Killed a human
  3495 | D:4      | Reached skill level 8 in Axes
  3634 | D:4      | Gained mutation: You are robust. (+10% HP) [potion of
                  | mutation]
  3636 | D:4      | HP: 2/56 [poisoned by a gnoll]
  3637 | D:4      | Succumbed to a gnoll's poison

Illustrated notes

Levels and vault maps discovered:
D:1:      mushboom_english_gardens, layout_basic, serial_shops, shop,
          minmay_misc_feat_more_columns, minmay_octomino_c4
D:2:      layout_rooms, basic_altar, uniq_jessica
D:3:      layout_loops_ring, tgw_kikubaaqudgha, zin_treasury,
          chequers_ecumenical_altar_simple_redux
D:4:      layout_cave_pools, cheibriados_altar_1, grunt_temple_overflow_open,
          ebering_ghost_gozag, uniq_crazy_yiuf_cottage

Skill      XL: |  1  2  3  4  5  6 |
---------------+-------------------+-----
Axes           | 5 7 8 |  8.1
Fighting       | 3 |  3.3
Throwing       | |  1.7
Armour         | |  0.8
Dodging        | |  2.7

Action                   |  1- 3 |  4- 6 || total
-------------------------+-------+-------++-------
Melee: War axe           |   135 |   111 ||   246
  Use: Scroll            |       |     3 ||     3
       Potion            |       |     3 ||     3
Armor: Leather armour    |    42 |       ||    42
       Ring mail         |    10 |    37 ||    47
Dodge: Dodged            |   101 |    73 ||   174
Block: Other             |    12 |    35 ||    47

Table legend: (Time is in decaauts)
 A = Elapsed time spent in this place.
 B = Non-inter-level travel time spent in this place.
 C = Inter-level travel time spent in this place.
 D = Time resting spent in this place.
 E = Time spent auto-exploring this place.
 F = Levels seen in this place.
 G = Mean time per level.
                   A        B        C        D        E       F      G
               +--------+--------+--------+--------+--------+-----+--------+
         Total |   3694 |   3614 |     80 |    994 |   2037 |   4 |  923.5 |
       Dungeon |   3694 |   3614 |     80 |    994 |   2037 |   4 |  923.5 |
               +--------+--------+--------+--------+--------+-----+--------+

Top non-repeatable levels by time:
     D:1: 1818 daAuts
     D:3: 1290 daAuts
     D:2: 539 daAuts
     D:4: 46 daAuts
